 Seeded DCSS version 0.29-a0-845-g6161e89988 (webtiles) character file.

Game seed: 20220716 (custom seed)

1 flotson the Sneak (level 1, 0/18 HPs)
             Began as a Demonspawn Delver on July 16, 2022.
             Slain by a scorpion (1 damage)
             ... on level 4 of the Dungeon.
             The game lasted 00:00:40 (116 turns).

flotson the Sneak (Demonspawn Delver)                Turns: 116, Time: 00:00:41

Health: 0/18       AC:  3    Str: 12    XL:     1   Next: 16%
Magic:  1/1        EV: 11    Int: 11    God:
Gold:   0          SH:  0    Dex: 14    Spells: 0/0 levels left

rFire   . . .      SeeInvis .   a - +0 spear
rCold   . . .      Faith    .   (no shield)
rNeg    + . .      Spirit   .   b - +0 leather armour
rPois   .          Reflect  .   (no helmet)
rElec   .          Harm     .   (no cloak)
rCorr   .          Rampage  .   (no gloves)
Will    .....                   (no boots)
Stlth   ++........              (no amulet)
HPRegen 0.06/turn               i - ring of positive energy
MPRegen 0.07/turn               (no ring)

@: lethally poisoned (0 -> -3)
A: no striking features
a: no special abilities


You were on level 4 of the Dungeon.
You visited 1 branch of the dungeon, and saw 2 of its levels.

Inventory:

Hand Weapons
 a - a +0 spear (weapon)
Armour
 b - a +0 leather armour (worn)
 f - the +0 tower shield "Dined" {Will- Str+3 Dex+2 Stlth+}
   (You found it on level 5 of the Dungeon)

   Str:       It affects your strength (+3).
   Dex:       It affects your dexterity (+2).
   Will:      It decreases your willpower.
   Stlth:     It makes you more stealthy.
Jewellery
 i - a ring of positive energy (left hand)
Wands
 g - a wand of digging (3)
Scrolls
 c - a scroll of fog
 d - a scroll of magic mapping
 e - a scroll of fear
Potions
 h - a potion of might {unknown}
 j - 3 potions of attraction {unknown}


   Skills:
 + Level 3.0 Fighting
 - Level 1.7 Polearms
 + Level 0.0 Armour
 + Level 1.8 Dodging
 - Level 4.5 Stealth
 + Level 0.1 Evocations


You couldn't memorise any spells.
You didn't know any spells.
Your spell library was empty.

Dungeon Overview and Level Annotations

Branches:
Dungeon (5/15)
 Temple: D:4-7

Altars:


Message History

The giant cockroach misses you.
You barely miss the giant cockroach.
The giant cockroach is moderately wounded.
The giant cockroach barely misses you.
You hit the giant cockroach.
You kill the giant cockroach!
No target in view!
No target in view!
No target in view!
No target in view!
No target in view!
Your extra speed is starting to run out.
i - a ring of positive energy
i - a ring of positive energy (left hand)
You feel yourself slow down.
HP restored.
j - 3 pink potions A hobgoblin comes into view.
An ogre comes into view. It is wielding a +0 giant club.
The ogre moves out of view.
A scorpion comes into view.
The hobgoblin shouts!
You reach to attack!
You closely miss the scorpion. You barely miss the scorpion.
The scorpion barely misses you.
You closely miss the scorpion. The scorpion stings you.
You are poisoned.
The scorpion poisons you! The scorpion completely misses you.
You hit the scorpion but do no damage.
You feel sick. The scorpion stings you.
You closely miss the scorpion.
You feel sick. The scorpion barely misses you.
You hit the scorpion but do no damage.
You feel sick. The scorpion stings you.
You are too injured to fight recklessly!
You hit the scorpion but do no damage.
* * * LOW HITPOINT WARNING * * *
You feel sick. The scorpion stings you.
* * * LOW HITPOINT WARNING * * *
You hit the scorpion.
The scorpion is moderately wounded.
* * * LOW HITPOINT WARNING * * *
You feel sick. The scorpion barely misses you. The scorpion stings you.
You die...

#########
#........
#.####### #### #.#
#..# #.# #####..#
#.#
.......###.#######
######...........#
# ####..#####@# #
#.## #s# .# #.#
#g# [..
#.######.####.##
.###
...........s....
##
..#.##.......... .
...........##### #
#.##.....# #
##.#..#


You could see a scorpion and a hobgoblin.

Vanquished Creatures
  A giant cockroach (D:4)
1 creature vanquished.

Notes
Turn   | Place    | Note
-------+----------+-------------------------------------------
     0 | D:5      | flotson the Demonspawn Delver began the quest for the Orb.
     0 | D:5      | Reached XP level 1. HP: 18/18 MP: 1/1
     5 | D:5      | Noticed a water moccasin
    27 | D:5      | Identified the +0 tower shield "Dined" {Will- Str+3 Dex+2
                  | Stlth+}
    32 | D:5      | Noticed a necrophage
    34 | D:5      | Noticed a hound
    37 | D:4      | Noticed a hound
   102 | D:4      | Noticed an ogre
   103 | D:4      | Noticed a scorpion
   116 | D:4      | Slain by a scorpion

Illustrated notes

Levels and vault maps discovered:
D:4:      layout_loops_ring, mainiacjoe_overflow_concentric_impassable,
          makhleb_blood_cavern_becter, mainiacjoe_overflow_tiny_flanked,
          uniq_blork_the_orc
D:5:      layout_cave_pools, mainiacjoe_overflow_small_starburst,
          grunt_ministairs_4, kennysheep_doodads

Action                   || total
-------------------------++-------
Melee: Spear             ||    14
  Use: Potion            ||     1
Dodge: Dodged            ||     6

Table legend: (Time is in decaauts)
 A = Elapsed time spent in this place.
 B = Non-inter-level travel time spent in this place.
 C = Inter-level travel time spent in this place.
 D = Time resting spent in this place.
 E = Time spent auto-exploring this place.
 F = Levels seen in this place.
 G = Mean time per level.
                   A        B        C        D        E       F      G
               +--------+--------+--------+--------+--------+-----+--------+
         Total |     96 |     96 |      0 |      0 |     35 |   2 |   48.0 |
       Dungeon |     96 |     96 |      0 |      0 |     35 |   2 |   48.0 |
               +--------+--------+--------+--------+--------+-----+--------+

Top non-repeatable levels by time:
     D:4: 68 daAuts
     D:5: 28 daAuts
